 Dungeon Crawl Stone Soup version 0.21.0-3-g78d12a8 (webtiles) character file.

28 letownia2 the Magician (level 3, -2/16 HPs)
             Began as a Vine Stalker Wizard on Jan 12, 2018.
             Slain by a hound (3 damage)
             ... on level 3 of the Dungeon.
             The game lasted 00:01:41 (574 turns).

letownia2 the Magician (Vine Stalker Wizard)         Turns: 574, Time: 00:01:41

Health: -2/16      AC:  3    Str: 10    XL:     3   Next: 14%
Magic:  0/8        EV: 11    Int: 18    God:
Gold:   43         SH:  0    Dex: 12    Spells: 7/8 levels left

rFire    . . .     SeeInvis .   i - +0 short sword
rCold    . . .     Gourm    .   (no shield)
rNeg     . . .     Faith    .   e - +0 leather armour
rPois    .         Spirit   +   b - +0 hat
rElec    .         Reflect  .   (no cloak)
rCorr    .         Harm     .   (no gloves)
MR       .....                  (no boots)
Stlth    ++........             (no amulet)
HPRegen  0.05/turn              (no ring)
MPRegen  0.11/turn              (no ring)

@: no status effects
A: fangs 2, magic shield, antimagic bite, no potion heal 3, rot immunity
a: no special abilities


You were on level 3 of the Dungeon.
You were not hungry.

You visited 1 branch of the dungeon, and saw 4 of its levels.

You collected 43 gold pieces.

Inventory:

Hand Weapons
 i - a +0 short sword (weapon)
 k - a +0 hand axe
Armour
 a - a +0 robe
 b - a +0 hat (worn)
 e - a +0 leather armour (worn)
Scrolls
 f - a scroll of teleportation {unknown}
Potions
 h - a potion of resistance {unknown}
 j - a potion of heal wounds {unknown}
Books
 c - a book of Minor Magic

   Spells                             Type                      Level
   a - Magic Dart                     Conjuration                  1
   b - Blink                          Translocation                2
   c - Call Imp                       Summoning                    2
   d - Slow                           Hexes                        2
   e - Conjure Flame                  Conjuration/Fire             3
   f - Mephitic Cloud                 Conjuration/Poison/Air       3
Comestibles
 d - 2 rations
 g - 3 chunks of flesh


   Skills:
 - Level 1.5 Dodging
 - Level 2.4 Stealth
 - Level 3.2 Spellcasting
 + Level 3.0 Conjurations
   Level 1.0 Summonings
   Level 1.0 Translocations


You had 7 spell levels left.
You knew the following spells:

 Your Spells              Type           Power        Failure   Level  Hunger
a - Magic Dart            Conj           ##..         6%          1    None


Dungeon Overview and Level Annotations

Branches:
Dungeon (4/15)
 Temple: D:4-7

Altars:

Annotations:
D:4 kegs's ghost, novice HOFi


Innate Abilities, Weirdness & Mutations

You have extremely sharp teeth.
When hurt, damage is shared between your health and your magic reserves.
Your bite disrupts and absorbs the magic of your enemies.
Potions cannot restore your health.
You are immune to rotting.


Message History

Casting: Magic Dart
Confirm with . or Enter, or press ? or * to list all spells.
Aiming: Magic Dart
Press: ? - help, Shift-Dir - straight line, f/p - hound
Aim: a hound (moderately wounded)
The magic dart hits the hound.
The hound is heavily wounded.
The hound barely misses you. x2
Casting: Magic Dart
Confirm with . or Enter, or press ? or * to list all spells.
You don't have enough magic to cast that spell.
You hit the hound.
The hound is heavily wounded.
The hound bites you but does no damage. The hound bites you.
* * * LOW HITPOINT WARNING * * *
Unknown command.
You hit the hound. Your bite misses the hound.
The hound is severely wounded.
The hound bites you.
You die...

#.....># .##
#..#.##.....#
## #.##.
....### #[
.......# #
#.......###.
#..#....#... #
#.##........
#.####.......
#..@ho#..# ..
#####....##....
###......%.
#..###....
##..## ..
#...># #....#
#....# #....#


You could see a hound and an orc.

Vanquished Creatures
  An adder (D:2)
  An ooze (D:4)
  2 dart slugs (D:2)
  An orc (D:4)
  2 bats (D:1)
  A giant cockroach (D:4)
  A hobgoblin (D:3)
  A kobold (D:2)
  A rat (D:2)
11 creatures vanquished.

Notes
Turn   | Place    | Note
-------+----------+-------------------------------------------
     0 | D:1      | letownia2 the Vine Stalker Wizard began the quest for the Orb.
     0 | D:1      | Reached XP level 1. HP: 9/9 MP: 5/5
   239 | D:2      | Reached XP level 2. HP: 13/13 MP: 0/7
   454 | D:4      | Reached XP level 3. HP: 16/16 MP: 1/8
   536 | D:4      | Noticed kegs's ghost (novice HOFi)
   574 | D:3      | Slain by a hound

Skill      XL: |  1  2  3 |
---------------+----------+-----
Conjurations   | 2 3 |  3.0
Dodging        | |  1.5
Stealth        | |  2.4
Spellcasting   | |  3.2
Summonings     | |  1.0
Translocations | |  1.0

Action                   || total
-------------------------++-------
Melee: Unarmed           ||     5
       Bite              ||     1
       Short sword       ||     5
 Cast: Magic Dart        ||    35
Armor: Robe              ||     2
       Leather armour    ||     5
Dodge: Dodged            ||    16
